 Dungeon Crawl Stone Soup version 0.29.1-1-gd02db6906a (webtiles) character file.

Game seed: 16174782823133039592

392 karrick the Cudgeller (level 6, -1/57 HPs)
             Began as a Gargoyle Fighter on Sept 27, 2022.
             Slain by a gnoll bouda
             ... wielding a +0 trident
              (10 damage)
             ... on level 3 of the Dungeon.
             The game lasted 00:07:02 (3707 turns).

karrick the Cudgeller (Gargoyle Fighter)            Turns: 3707, Time: 00:07:03

Health: -1/57      AC: 23    Str: 19    XL:     6   Next: 80%
Magic:  6/6        EV:  2    Int:  9    God:
Gold:   182        SH:  4    Dex: 11    Spells: 5/5 levels left

rFire   . . .      SeeInvis .   a - +0 flail
rCold   . . .      Faith    .   c - +0 buckler
rNeg    + . .      Spirit   .   (body armour currently unavailable)
rPois   ∞          Reflect  .   (helmet currently unavailable)
rElec   .          Harm     .   (cloak currently unavailable)
rCorr   .          Rampage  .   (gloves currently unavailable)
Will    .....      NoTele   +   (boots currently unavailable)
Stlth   +.........              (no amulet)
HPRegen 0.19/turn               (no ring)
MPRegen 0.10/turn               (no ring)

@: tree-form, weakened
A: stationary, stasis, torment immunity, boosted hp, sickness immunity, AC +4,
negative energy resistance 1, (electricity resistance), torment resistance 1,
petrification resistance
a: no special abilities


You were on level 3 of the Dungeon.
You were a tree.
You visited 1 branch of the dungeon, and saw 4 of its levels.

You collected 182 gold pieces.

Inventory:

Hand Weapons
 a - a +0 flail (weapon)
Armour
 c - a +0 buckler (worn)
 o - the +2 scale mail "Yqeocrim" (melded) {rC+ Int+3}
   (You found it on level 4 of the Dungeon)

   Int:       It affects your intelligence (+3).
   rC:        It protects you from cold.
Scrolls
 e - 6 scrolls of identify {unknown}
 f - 2 scrolls of teleportation
 g - 2 scrolls of enchant weapon {unknown}
 h - a scroll of poison {unknown}
 i - a scroll of brand weapon {unknown}
 m - a scroll of noise {unknown}
Potions
 b - a potion of haste
 d - a potion of heal wounds {unknown}
 j - a potion of flight
 l - a potion of lignification
 p - a potion of attraction {unknown}


   Skills:
 + Level 4.2 Fighting
 + Level 5.2 Maces & Flails
 + Level 4.7 Armour
 + Level 0.5 Stealth
 + Level 4.1 Shields


You had 5 spell levels left.
You didn't know any spells.
Your spell library contained the following spells:

 Spells                   Type           Power      Damage    Failure   Level
 Ozocubu's Armour         Ice            0%         N/A       83%         3
 Anguish                  Hex/Necr       0%         N/A       99%         4
 Metabolic Englaciation   Hex/Ice        0%         N/A       100%        5
 Simulacrum               Ice/Necr       0%         N/A       100%        6
 Enfeeble                 Hex            0%         N/A       100%        7


Dungeon Overview and Level Annotations

Branches:
Dungeon (4/15)
 Temple: D:4-7

Altars:


Innate Abilities, Weirdness & Mutations

You are a tree.
Your roots penetrate the ground, keeping you stationary.
You cannot be teleported.
You are immune to unholy pain and torment.
Your maximum health is greatly increased.
Your equipment is partially melded.
You are immune to sickness and miasma.
((Your stone body is resilient. (AC +4)))
You are immune to poison.
You resist negative energy. (rN+)
((You are resistant to electric shocks. (rElec)))
You are resistant to unholy torment.
You are immune to petrification.


Message History

The gnoll bouda hits you but does no damage.
You hit the gnoll bouda but do no damage.
The gnoll bouda is almost dead.
You feel less invigorated.
You feel less confused.
The gnoll bouda hits you with a +0 trident!
* * * LOW HITPOINT WARNING * * *
The gnoll bouda hits you but does no damage.
You barely miss the gnoll bouda.
The gnoll bouda is almost dead.
The gnoll bouda hits you but does no damage.
You hit the gnoll bouda but do no damage.
The gnoll bouda is almost dead.
A scorpion comes into view.
The gnoll bouda utters an invocation to its god.
The gnoll bouda is healed somewhat.
You barely miss the gnoll bouda.
The gnoll bouda is heavily wounded.
You block the gnoll bouda's attack.
You hit the gnoll bouda but do no damage.
The gnoll bouda is heavily wounded.
The gnoll bouda hits you but does no damage.
You closely miss the gnoll bouda.
The gnoll bouda is heavily wounded.
The gnoll bouda gazes fiercely through you!
You feel your attacks grow feeble. The gnoll bouda barely misses you.
You barely miss the gnoll bouda.
The gnoll bouda is heavily wounded.
You block the gnoll bouda's attack.
The gnoll bouda hits you but does no damage.
You closely miss the gnoll bouda.
The gnoll bouda is heavily wounded.
The gnoll bouda hits you but does no damage.
You closely miss the gnoll bouda.
The gnoll bouda is heavily wounded.
The gnoll bouda hits you but does no damage.
It was a potion of flight.
Your roots keep you in place.
The gnoll bouda hits you with a +0 trident!
You die...

..................).#....#.......
..............<.......##....#....
......................#.....#....
........................##..#####
.......................###..#
.......................# #[.#
.......................###..#
........................##..##
................♣s.....>.....#
###..##.........g.....###..#.# #
##...........#..........)..###
#######......####...........#
####... #...........#
###......##'##......# #
....####...####...# . ..# #...#
##.. # . #...# #.


You could see a gnoll bouda and a scorpion.

Vanquished Creatures
  4 orc priests (D:3)
  A hound (D:4)
  Jessica (D:3)
  An iguana (D:3)
  An orc wizard (D:4)
  3 adders (D:4)
  3 worms
  3 dart slugs
  16 orcs
  8 ball pythons
  5 endoplasms
  4 giant cockroaches
  11 goblins
  6 hobgoblins
  4 jackals (D:3)
  8 kobolds
  5 quokkas
  8 bats
  4 frilled lizards
  7 rats
103 creatures vanquished.

Vanquished Creatures (others)
  An orc wizard (D:3)
1 creature vanquished.

Grand Total: 104 creatures vanquished

Notes
Turn   | Place    | Note
-------+----------+-------------------------------------------
     0 | D:1      | karrick the Gargoyle Fighter began the quest for the Orb.
     0 | D:1      | Reached XP level 1. HP: 14/14 MP: 1/1
   160 | D:1      | Reached XP level 2. HP: 18/19 MP: 2/2
   599 | D:1      | Reached XP level 3. HP: 22/23 MP: 3/3
  1115 | D:2      | Reached skill level 3 in Maces & Flails
  1416 | D:2      | Reached XP level 4. HP: 29/29 MP: 4/4
  2260 | D:4      | Reached XP level 5. HP: 32/33 MP: 5/5
  2294 | D:4      | Identified the +2 scale mail "Yqeocrim" {rC+ Int+3}
  2917 | D:4      | Reached skill level 4 in Maces & Flails
  3121 | D:3      | Reached XP level 6. HP: 27/38 MP: 6/6
  3333 | D:3      | Noticed Jessica
  3374 | D:3      | Killed Jessica
  3375 | D:3      | Reached skill level 5 in Maces & Flails
  3707 | D:3      | Slain by a gnoll bouda

Illustrated notes

Levels and vault maps discovered:
D:1:      lightli_arrival_maybe_door_vault, layout_rooms
D:2:      minmay_diamond_boxcup, layout_basic
D:3:      layout_rooms, minmay_divided_ellipse, uniq_jessica
D:4:      layout_loops_corners

Skill      XL: |  1  2  3  4  5  6 |
---------------+-------------------+-----
Maces & Flails | 3 4 5 |  5.2
Armour         | 4 |  4.7
Fighting       | 4 |  4.2
Shields        | 4 |  4.1
Stealth        | |  0.5

Action                   |  1- 3 |  4- 6 || total
-------------------------+-------+-------++-------
Melee: Flail             |   124 |   228 ||   352
  Use: Potion            |       |     7 ||     7
       Scroll            |       |     2 ||     2
Armor: Scale mail        |    85 |   148 ||   233
       Skin              |       |    19 ||    19
Dodge: Dodged            |    54 |   128 ||   182
Block: Buckler           |    26 |    69 ||    95
